 Dungeon Crawl Stone Soup version 0.30-a0-170-g85af917532 (webtiles) character file.

Game seed: 15531731222861138210

40 qw the Chopper (level 3, 0/23 HPs)
             Began as a Gargoyle Fighter on Sept 30, 2022.
             Slain by Terence
             ... wielding a +3 hand axe of draining
              (11 damage)
             ... on level 2 of the Dungeon.
             The game lasted 00:00:32 (1804 turns).

qw the Chopper (Gargoyle Fighter)                   Turns: 1804, Time: 00:00:32

Health: 0/23       AC: 10    Str: 21    XL:     3   Next: 50%
Magic:  3/3        EV:  9    Int:  8    God:
Gold:   106        SH:  4    Dex:  9    Spells: 2/2 levels left

rFire   . . .      SeeInvis .    Y - +0 war axe
rCold   . . .      Faith    .    c - +0 buckler
rNeg    + . .      Spirit   .    b - +0 scale mail
rPois   inf        Reflect  .    (no helmet)
rElec   +          Harm     .    (no cloak)
rCorr   .          Rampage  .    (no gloves)
Will    .....                    (no boots)
Stlth   ..........               (no amulet)
HPRegen 0.07/turn                (no ring)
MPRegen 0.08/turn                (no ring)

@: no status effects
A: sickness immunity, AC +3, negative energy resistance 1, electricity
resistance, torment resistance 1, petrification resistance
a: no special abilities


You were on level 2 of the Dungeon.
You visited 1 branch of the dungeon, and saw 2 of its levels.

You collected 106 gold pieces.


Innate Abilities, Weirdness & Mutations

You are immune to sickness and miasma.
Your stone body is resilient. (AC +3)
You are immune to poison.
You resist negative energy. (rN+)
You are resistant to electric shocks. (rElec)
You are resistant to unholy torment.
You are immune to petrification.


   Skills:
 - Level 3.2 Fighting
 + Level 3.4 Axes
 - Level 3.2 Armour
 - Level 3.2 Shields


You had 2 spell levels left.
You didn't know any spells.
Your spell library was empty.

Inventory:

Hand Weapons
 e - a +0 mace
 Y - a +0 war axe (weapon)
Armour
 b - a +0 scale mail (worn)
 c - a +0 buckler (worn)
Scrolls
 a - 2 scrolls of identify
 g - 2 scrolls of teleportation
Potions
 d - a potion of might
 f - a potion of lignification
 i - a potion of magic {unknown}

Dungeon Overview and Level Annotations

Branches:
Dungeon (2/15)

Altars:
Yredelemnul

Shops:
D:1 (

Annotations:
D:2 Terence


Message History

You now have 82 gold pieces (gained 14).
An endoplasm comes into view.
The endoplasm quivers.
Enter note: You slash the endoplasm!
You kill the endoplasm!
You now have 84 gold pieces (gained 2).
You now have 93 gold pieces (gained 9).
You now have 106 gold pieces (gained 13).
A kobold comes into view. It is wielding a +0 whip.
The kobold shouts!
Enter note:
Enter note: A kobold is nearby!
You slash the kobold!
You kill the kobold!
You see here a +0 whip.
g - a scroll of teleportation
g - 2 scrolls of teleportation (gained 1)
You see here a +0 whip.
Found a stone staircase leading up.
Enter note:
Enter note:
Enter note:
There is a stone staircase leading down here.
You open the door.
Terence the Incautious comes into view.
He is wielding a +3 hand axe of draining.
Found a basalt altar of Yredelemnul.
Terence shouts!
There is an open door here.
Terence drinks a potion.
Terence goes berserk!
Terence rages.
Terence completely misses you.
You barely miss Terence. Terence closely misses you.
Terence hits you with a +3 hand axe of draining!
You barely miss Terence.
Terence hits you with a +3 hand axe of draining.
Terence hits you with a +3 hand axe of draining!
You die...

..... . ._.. # ...# #
...#####+### # ..#.......##.. #
#.#.......##..# #
#.#@#.......##..#####
#...@................ #.
#.#.#......###..##### #.
#.#.......##..# # ##### ### .
#.#.......##..##### ....
....####.#.###.#.##....... ##...#
#.#...........#.##<.##### .....+
..............>.........
#....######.####......#.....#####
.....+..................%.#.#####


You could see Terence (berserk).

Vanquished Creatures
  A dart slug (D:1)
  A bat (D:1)
  5 endoplasms
  2 giant cockroaches
  2 goblins (D:1)
  4 hobgoblins (D:1)
  3 jackals
  5 kobolds
  3 quokkas (D:1)
  5 ball pythons (D:1)
  A frilled lizard (D:1)
  A rat (D:2)
33 creatures vanquished.

Vanquished Creatures (others)
  4 plants (D:1)
4 creatures vanquished.

Grand Total: 37 creatures vanquished

Notes
Turn   | Place    | Note
-------+----------+-------------------------------------------
     0 | D:1      | qw the Gargoyle Fighter began the quest for the Orb.
     0 | D:1      | Reached XP level 1. HP: 14/14 MP: 1/1
     0 | D:1      | 0 ||| qw: Version: 0.2-a-12-gaebbb33
     0 | D:1      | 0 ||| qw: Game counter: 1575
     0 | D:1      | 0 ||| qw: Always use a shield: true
     0 | D:1      | 0 ||| qw: God list: Okawaru
     0 | D:1      | 0 ||| qw: Allow faded altars: false
     0 | D:1      | 0 ||| qw: Do Orc after D:15 true
     0 | D:1      | 0 ||| qw: Do second Lair branch before Depths: true
     0 | D:1      | 0 ||| qw: Lair rune preference: random
     0 | D:1      | 0 ||| qw: Plans: Normal, Zot:1-4, God:TSO, Crypt, Tomb,
                  | Pan, Slime:5, Hells, Abyss, Orb
     0 | D:1      | 0 ||| PLANNING D:1-11
    18 | D:1      | 18 ||| Stepping ~*~*~tactically~*~*~ (stealth).
    20 | D:1      | 20 ||| Stepping ~*~*~tactically~*~*~ (stealth).
   216 | D:1      | 216 ||| Stepping ~*~*~tactically~*~*~ (stealth).
   227 | D:1      | 227 ||| Stepping ~*~*~tactically~*~*~ (stealth).
   372 | D:1      | 372 ||| Stepping ~*~*~tactically~*~*~ (stealth).
   379 | D:1      | Reached XP level 2. HP: 17/19 MP: 2/2
   467 | D:1      | 467 ||| Stepping ~*~*~tactically~*~*~ (stealth).
   596 | D:1      | 596 ||| Stepping ~*~*~tactically~*~*~ (stealth).
   620 | D:1      | 620 ||| Stepping ~*~*~tactically~*~*~ (stealth).
   630 | D:1      | Reached skill level 3 in Axes
   682 | D:1      | Found Jaiq's Weapon Shoppe.
   693 | D:1      | 693 ||| Stepping ~*~*~tactically~*~*~ (stealth).
   694 | D:1      | 694 ||| Stepping ~*~*~tactically~*~*~ (stealth).
   696 | D:1      | 696 ||| Stepping ~*~*~tactically~*~*~ (stealth).
   699 | D:1      | 699 ||| Stepping ~*~*~tactically~*~*~ (stealth).
   713 | D:1      | Reached XP level 3. HP: 15/23 MP: 3/3
   824 | D:1      | 824 ||| SHOPLISTING +0 morningstar of protection (68 gold,
                  | have 35).
   824 | D:1      | 824 ||| SHOPLISTING +2 flail of protection (162 gold, have
                  | 35).
  1068 | D:1      | 1068 ||| Stepping ~*~*~tactically~*~*~ (stealth).
  1069 | D:1      | 1069 ||| Stepping ~*~*~tactically~*~*~ (stealth).
  1364 | D:1      | 1364 ||| READING 4 scrolls labelled CIEJOC OLODO.
  1365 | D:1      | 1365 ||| READING scroll labelled NAUR MEMESORCHIRO.
  1366 | D:1      | 1366 ||| READING scroll labelled NEONAD MUELIW.
  1369 | D:1      | 1369 ||| READING 3 scrolls of identify.
  1369 | D:1      | 1369 ||| IDENTIFYING bubbling dark potion
  1370 | D:1      | 1370 ||| READING 2 scrolls of identify.
  1370 | D:1      | 1370 ||| IDENTIFYING metallic ruby potion
  1371 | D:1      | 1371 ||| DROPPING potion of ambrosia.
  1460 | D:2      | 1460 ||| DROPPING +0 club.
  1490 | D:2      | Found the +7 Throatcutter {drain, coup de grace}
  1797 | D:2      | Found a basalt altar of Yredelemnul.
  1797 | D:2      | Noticed Terence
  1804 | D:2      | Slain by Terence

Levels and vault maps discovered:
D:1:      minmay_arrival_checkered_box, layout_rooms, serial_shops, shop,
          chequers_big_river, minmay_indecisive_spiral
D:2:      layout_basic, basic_altar, uniq_terence

Skill      XL: |  1  2 |
---------------+-------+-----
Axes           | 2 3 |  3.4
Fighting       | |  3.2
Armour         | |  3.2
Shields        | |  3.2

Action                   || total
-------------------------++-------
Melee: War axe           ||   100
  Use: Scroll            ||     5
Armor: Scale mail        ||    52
Dodge: Dodged            ||    52
Block: Buckler           ||    19

Table legend:
 A = Non-vault XP
 B = Vault XP
 C = Vault XP percentage of total XP
 D = Non-vault monster count
 E = Vault monster count
 F = Vault count percentage of total count
                 A         B        C        D         E       F
            +---------+---------+-------+---------+---------+-------
      Total |      52 |       6 |  10.3 |      29 |       4 |  12.1
            +---------+---------+-------+---------+---------+-------
        D:1 |      43 |       5 |  10.4 |      24 |       3 |  11.1
        D:2 |       9 |       1 |  10.0 |       5 |       1 |  16.7
            +---------+---------+-------+---------+---------+-------
